Map: Habitation Station LE (Void)

Players

OpirenFlas

  • Race: Protoss Protoss
  • League: Diamond
  • Spawn Location: 1:00

Musumeci - Winner!

  • Race: Zerg Zerg
  • League: Diamond
  • Spawn Location: 11:00

VOD

Have the link to the VOD?

Description

Time

  • Played on: Jan. 1, 2017, 4:25 p.m.
  • Length: 11:02
Show
View Real Time Build Order
Export as new Build Order

OpirenFlas Protoss 

Build Orders: Oracle Opening 

Get SALT Encoding   

  12  0:01  Probe (Chrono Boost)  
  13  0:11  Probe (Chrono Boost)  
  14  0:21  Pylon  
  14  0:22  Probe (Chrono Boost)  
  15  0:39  Gateway, Probe (Chrono Boost)  
  16  0:43  Assimilator  
  16  0:49  Probe (Chrono Boost)  
  17  0:54  Assimilator  
  17  1:00  Probe (Chrono Boost)  
  18  1:10  Probe (Chrono Boost)  
  19  1:21  Probe (Chrono Boost)  
  19  1:30  Cybernetics Core  
  20  1:32  Probe (Chrono Boost)  
  20  1:43  Probe (Chrono Boost)  
  21  1:54  Pylon, Probe (Chrono Boost)  
  22  2:05  Nexus  
  22  2:11  Warp Gate  
  22  2:12  Mothership Core (Chrono Boost)  
  24  2:23  Zealot  
  26  2:31  Probe (Chrono Boost)  
  27  2:37  Stargate  
  27  2:43  Probe (Chrono Boost)  
  28  2:47  Zealot  
  30  2:56  Probe (Chrono Boost)  
  31  3:07  Pylon  
  31  3:18  Probe (Chrono Boost)  
  34  3:21  Gateway, Oracle  
  34  3:26  Probe (Chrono Boost)  
  38  3:30  Probe (Chrono Boost)  
  37  3:37  Probe (Chrono Boost)  
  39  3:43  Probe (Chrono Boost)  
  39  3:44  Assimilator  
  39  3:47  Probe (Chrono Boost)  
  39  3:48  Gateway  
  40  3:51  Assimilator  
  40  3:55  Probe (Chrono Boost)  
  41  3:58  Probe (Chrono Boost)  
  42  4:06  Oracle  
  40  4:11  Probe (Chrono Boost)  
  40  4:12  Probe (Chrono Boost)  
  43  4:17  Pylon  
  43  4:28  Zealot  
  47  4:31  Probe (Chrono Boost)  
  47  4:33  Probe (Chrono Boost)  
  47  4:41  Pylon  
  47  4:42  Probe (Chrono Boost)  
  48  4:46  Stargate  
  48  4:47  Fleet Beacon  
  48  4:49  Gateway  
  48  4:50  Gateway  
  48  4:54  Probe (Chrono Boost)  
  48  4:55  Probe (Chrono Boost)  
  48  4:57  Void Ray  
  54  5:09  Probe (Chrono Boost)  
  54  5:10  Probe (Chrono Boost)  
  56  5:18  Zealot  
  56  5:20  Zealot  
  36  5:53  Pylon  
  36  5:55  Probe (Chrono Boost)  
  36  5:56  Probe (Chrono Boost)  
  38  6:06  Probe (Chrono Boost)  
  38  6:07  Pylon  
  38  6:08  Probe (Chrono Boost)  
  40  6:16  Probe (Chrono Boost)  
  38  6:19  Zealot  
  38  6:20  Probe (Chrono Boost)  
  38  6:23  Zealot  
  38  6:24  Zealot  
  45  6:27  Probe (Chrono Boost)  
  47  6:32  Probe (Chrono Boost)  
  47  6:37  Probe (Chrono Boost)  
  48  6:44  Probe (Chrono Boost)  
  41  6:57  Probe (Chrono Boost)  
  41  6:58  Probe (Chrono Boost)  
  43  7:08  Probe (Chrono Boost)  
  44  7:10  Probe (Chrono Boost)  
  45  7:24  Zealot x4  
  45  7:28  Void Ray  
  50  7:51  Zealot x2  
  50  7:52  Zealot  
  58  7:59  Probe (Chrono Boost)  
  58  8:00  Probe (Chrono Boost)  
  56  8:11  Probe (Chrono Boost)  
  50  8:18  Probe (Chrono Boost)  
  43  8:23  Probe (Chrono Boost)  
  42  8:28  Probe (Chrono Boost)  
  42  8:33  Probe (Chrono Boost)  
  44  8:39  Probe (Chrono Boost)  
  40  8:59  Zealot x2  
  39  9:05  Probe x2 (Chrono Boost)  
  41  9:14  Pylon  
  41  9:15  Probe (Chrono Boost)  
  41  9:16  Probe (Chrono Boost)  
  43  9:26  Probe x2 (Chrono Boost)  
  45  9:37  Probe x2 (Chrono Boost)  
  47  9:40  Void Ray  
  51  9:47  Probe (Chrono Boost)  
  51  9:49  Probe (Chrono Boost)  
  53  9:58  Probe (Chrono Boost)  
  59  10:01  Probe (Chrono Boost)  
  59  10:13  Probe (Chrono Boost)  
  61  10:15  Probe (Chrono Boost)  
  61  10:27  Probe (Chrono Boost)  
  49  10:36  Zealot x2  
Show
View Real Time Build Order
Export as new Build Order

Musumeci Zerg - Winner!

Build Orders: Hatch First 

Get SALT Encoding   

  12  0:01  Drone  
  13  0:08  Drone  
  13  0:13  Extractor  
  13  0:16  Drone  
  15  0:40  Hatchery  
  14  0:43  Extractor  
  14  0:46  Drone  
  15  1:04  Spawning Pool  
  15  1:08  Extractor  
  13  1:16  Drone x2  
  13  1:17  Extractor  
  13  1:25  Drone  
  14  1:32  Overlord  
  15  1:56  Drone  
  15  2:00  Drone  
  15  2:01  Drone x2  
  20  2:19  Queen  
  20  2:21  Lair  
  20  2:24  Drone  
  20  2:25  Drone  
  22  2:31  Drone  
  22  2:32  Drone  
  22  2:36  Drone  
  25  2:49  Metabolic Boost  
  25  2:51  Overlord  
  25  2:54  Zergling x4  
  27  3:08  Queen  
  27  3:09  Drone x2  
  27  3:11  Extractor  
  27  3:12  Drone  
  30  3:35  Zergling x8  
  34  3:43  Zergling x4  
  36  3:51  Spore Crawler  
  36  3:53  Spore Crawler  
  34  4:16  Nydus Network  
  32  4:29  Zergling x8  
  36  4:32  Overlord x2  
  36  4:51  Drone x9  
  45  4:55  Nydus Canal  
  45  4:57  Overseer  
  45  5:03  Zergling x4  
  45  5:37  Zergling x16  
  48  5:54  Nydus Canal  
  48  5:55  Zergling x4  
  48  6:00  Zergling x4  
  40  6:34  Zergling x10  
  40  6:35  Zergling x2  
  40  6:37  Zergling x2  
  40  6:38  Zergling x4  
  47  6:47  Queen x2  
  48  7:00  Nydus Canal  
  48  7:07  Zergling x2  
  48  7:08  Zergling x6  
  52  7:11  Overlord  
  52  7:12  Overlord  
  52  7:14  Nydus Canal  
  52  7:16  Hydralisk Den  
  52  7:20  Hatchery  
  43  7:46  Hydralisk  
  43  7:47  Hydralisk x11  
  63  7:51  Queen  
  64  8:07  Zergling x2  
  64  8:08  Zergling x6  
  66  8:15  Drone  
  66  8:16  Drone x2  
  66  8:24  Muscular Augments  
  50  9:08  Zergling x24  
  55  9:18  Evolution Chamber x2  
  51  9:31  Hydralisk x3  
  51  9:32  Hydralisk  
  58  9:58  Nydus Canal  
  58  10:03  Overlord x4  
  58  10:04  Hatchery  
  63  11:01  Extractor  
Tags
 
Add a new tag
Caveats
  • Supply blocks, unpowered buildings, or Contaminate may cause inaccurate times.
  • Supply counts are checked every 10 seconds.